 Dungeon Crawl Stone Soup version 0.32-a0-30-gefbe487952 (webtiles) character file.

Game seed: 6658678453325847204

42 inmateoo the Covered (level 3, -3/23 HPs)
             Began as a Gargoyle Fighter on Jan 19, 2024.
             Incinerated by a bombardier beetle (5 damage)
             ... with a burning spray
             ... on level 2 of the Dungeon.
             The game lasted 00:01:25 (873 turns).

inmateoo the Covered (Gargoyle Fighter)              Turns: 873, Time: 00:01:26

Health: -3/23      AC: 13    Str: 21    XL:     3   Next: 54%
Magic:  3/3        EV:  8    Int:  8    God:
Gold:   118        SH:  4    Dex:  9    Spells: 2/2 levels left

rFire   . . .        a - +0 flail
rCold   . . .        c - +0 buckler
rNeg    + . .        i - +0 chain mail
rPois   ∞            g - +1 hat
rElec   +            (no cloak)
rCorr   .            (no gloves)
SInv    .            (no boots)
Will    .....        (no amulet) Stlth
                     (no ring)
HPRegen 0.23/turn    (no ring)
MPRegen 0.08/turn

%: no passive effects
@: on fire, glowing
A: sickness immunity, AC +3, negative energy resistance 1, electricity
resistance, torment resistance 1, petrification resistance
a: no special abilities


You were on level 2 of the Dungeon.
You visited 1 branch of the dungeon, and saw 2 of its levels.

You collected 118 gold pieces.

Inventory:

Hand Weapons
 a - a +0 flail (weapon)
Missiles
 f - 2 poisoned darts (quivered)
Armour
 c - a +0 buckler (worn)
 g - a +1 hat (worn)
 i - a +0 chain mail (worn)
Scrolls
 j - a scroll of immolation
Potions
 b - a potion of brilliance
 d - a potion of might
 e - 3 potions of curing {unknown}
 h - a potion of mutation {unknown}
 k - a potion of haste {unknown}
 l - a potion of lignification {unknown}


   Skills:
 + Level 3.6 Fighting
 * Level 2.6 Maces & Flails
 + Level 3.6 Armour
 + Level 0.7 Dodging
 + Level 3.5 Shields


You had 2 spell levels left.
You didn't know any spells.
Your spell library was empty.

Dungeon Overview and Level Annotations

Branches:
Dungeon (2/15)

Altars:
Makhleb

Shops:
D:1 :


Innate Abilities, Weirdness & Mutations

You are immune to sickness and miasma.
Your stone body is resilient. (AC +3)
You are immune to poison.
You resist negative energy. (rN+)
You are resistant to electric shocks. (rElec)
You are resistant to unholy torment.
You are immune to petrification.


Message History

You block the adder's attack.
You hit the adder but do no damage. You block the adder's attack.
The adder bites you but does no damage.
You barely miss the adder. The adder bites you. x2
You closely miss the adder. The adder bites you but does no damage.
The adder barely misses you.
You thump the adder!
The adder is heavily wounded.
The adder bites you but does no damage.
An adder is nearby!
You sock the adder!
You kill the adder!
You now have 118 gold pieces (gained 13).
Found a stone staircase leading up.
No target in view!
A bombardier beetle comes into view.
The bombardier beetle sprays incendiary fluid at you.
The burning spray hits you.
You are covered in liquid fire!
You are on fire!
You shake off some of the fire as you move.
The liquid fire burns you!
The bombardier beetle sprays incendiary fluid at you.
The burning spray hits you.
You are even more covered in liquid fire!
You are on fire!
You barely miss the bombardier beetle. The liquid fire burns you!
You sock the bombardier beetle!
The bombardier beetle is heavily wounded.
The liquid fire burns you!
The bombardier beetle bites you but does no damage.
You are too injured to fight recklessly!
You shake off some of the fire as you move.
The liquid fire burns you!
* * * LOW HITPOINT WARNING * * *
You block the bombardier beetle's attack.
You shake off some of the fire as you move.
The liquid fire burns you!
You die...

...# ######## ........
######## ..# . #.# ..
#.# #.##########.# #†#
.#............# #.#
........@<#.#.# #.#
####.#.#.#.#.# #.#
#.B...#.#.#
#.#############.#.#.#.#
#.#.............#.....#
#'#.##..........###...#
....##................#
..[...................#
....#...........##....#


You could see a bombardier beetle.

Vanquished Creatures
  An adder (D:2)
  A ribbon worm (D:2)
  3 endoplasms
  A giant cockroach (D:1)
  4 goblins
  A hobgoblin (D:2)
  2 quokkas
  3 ball pythons
  3 bats
  A frilled lizard (D:1)
  6 kobolds
  2 rats
28 creatures vanquished.

Notes
Turn   | Place    | Note
-------+----------+-------------------------------------------
     0 | D:1      | inmateoo the Gargoyle Fighter began the quest for the Orb.
     0 | D:1      | Reached XP level 1. HP: 14/14 MP: 1/1
   119 | D:1      | Found Kaliaxam's Book Boutique.
   174 | D:1      | Reached XP level 2. HP: 19/19 MP: 2/2
   622 | D:2      | Found a burning altar of Makhleb.
   670 | D:2      | Reached XP level 3. HP: 23/23 MP: 3/3
   872 | D:2      | HP: 1/23 [burnt (6)]
   873 | D:2      | Incinerated by a bombardier beetle

Illustrated notes

Levels and vault maps discovered:
D:1:      lemuel_arrival_hallway, layout_rooms, serial_shops, shop,
          chequers_avenue
D:2:      layout_basic, basic_altar

Action                     || total
---------------------------++-------
  Melee: Flail             ||    80
    Use: Scroll            ||     2
 Armour: Scale mail        ||    18
         Chain mail        ||    52
  Dodge: Dodged            ||    32
  Block: Buckler           ||    22

Table legend: (Time is in decaauts)
 A = Elapsed time spent in this place.
 B = Non-inter-level travel time spent in this place.
 C = Inter-level travel time spent in this place.
 D = Time resting spent in this place.
 E = Time spent auto-exploring this place.
 F = Levels seen in this place.
 G = Mean time per level.
                   A        B        C        D        E       F      G
               +--------+--------+--------+--------+--------+-----+--------+
         Total |    897 |    875 |     22 |      0 |    596 |   2 |  448.5 |
       Dungeon |    897 |    875 |     22 |      0 |    596 |   2 |  448.5 |
               +--------+--------+--------+--------+--------+-----+--------+

Top non-repeatable levels by time:
     D:1: 475 daAuts
     D:2: 422 daAuts
